 Dungeon Crawl Stone Soup version 0.24.0-13-gcf9b319 (webtiles) character file.

Game seed: 10577165236297387268, levelgen mode: deterministic

15964 Balder the Blocker (level 12, -8/97 HPs)
             Began as a Gnoll Fighter on Dec 3, 2019.
             Was the Champion of Okawaru.
             Mangled by Rupert
             ... wielding a +3 great mace of crushing
              (24 damage)
             ... on level 12 of the Dungeon.
             The game lasted 01:00:22 (11161 turns).

Balder the Blocker (Gnoll Fighter)                 Turns: 11161, Time: 01:00:23

Health: -8/97      AC: 19    Str: 20    XL:     12   Next: 32%
Magic:  22/22      EV: 10    Int: 11    God:    Okawaru [******]
Gold:   578        SH: 12    Dex: 21    Spells: 25/25 levels left

rFire    + . .     SeeInvis .   w - +6 flail of Cocytus {crush, +Fly rF+}
rCold    . . .     Gourm    .   c - +0 shield
rNeg     + . .     Faith    .   s - +0 plate armour
rPois    .         Spirit   .   h - +0 helmet
rElec    .         Reflect  .   u - scarf {repulsion}
rCorr    .         Harm     .   N - +1 pair of gloves {Dex+3}
MR       .....                  G - +0 pair of boots
Stlth    +.........             m - amulet of regeneration
HPRegen  0.66/turn              B - ring of positive energy
MPRegen  0.18/turn              S - ring of stealth

@: repel missiles
A: distributed training, fangs 1, strong nose
a: Heroism, Finesse, Renounce Religion, Evoke Flight


You were on level 12 of the Dungeon.
You worshipped Okawaru.
Okawaru was exalted by your worship.
You were not hungry.

You visited 2 branches of the dungeon, and saw 13 of its levels.

You collected 773 gold pieces.
You spent 195 gold pieces at shops.

Inventory:

Hand Weapons
 a - a +1 morningstar
 d - a +1 flail of holy wrath
 r - a +5 spear
 w - the +6 flail of Cocytus (weapon) {crush, +Fly rF+}
   (You found it on level 11 of the Dungeon)

   It inflicts extra damage upon your enemies.
   It protects you from fire.
   It lets you fly.
 L - a +1 flail
 M - a +2 dagger of venom
 R - a +1 whip of venom
 T - a +0 long sword of slicing
Armour
 c - a +0 shield (worn)
 h - a +0 helmet (worn)
 s - a +0 plate armour (worn)
 u - a scarf of repulsion (worn)
 G - a +0 pair of boots (worn)
 N - a +1 pair of gloves of dexterity (worn)
Jewellery
 m - an amulet of regeneration (around neck)
 B - a ring of positive energy (left hand)
 J - an uncursed ring of protection from cold
 P - an uncursed ring of fire
 S - a ring of stealth (right hand)
Wands
 y - a wand of iceblast (8)
 C - a wand of acid (10)
 F - a wand of enslavement (11)
 I - a wand of disintegration (31)
 O - a wand of flame (39)
Scrolls
 b - a scroll of enchant weapon
 j - 3 scrolls of identify
 k - 3 scrolls of fear
 n - a scroll of magic mapping
 o - 3 scrolls of remove curse
 D - a scroll of immolation
Potions
 e - 3 potions of haste
 g - a potion of magic {unknown}
 i - a potion of brilliance {unknown}
 l - 4 potions of lignification
 p - 3 potions of curing
 t - a potion of flight {unknown}
 x - 3 potions of heal wounds
 A - a potion of cancellation {unknown}
 E - 2 potions of mutation {unknown}
 K - a potion of agility {unknown}
 Q - a potion of ambrosia {unknown}
Miscellaneous
 z - a phantom mirror
Comestibles
 f - 19 rations
 q - 7 chunks of flesh


   Skills:
 + Level 9.7 Fighting
 + Level 7.0 Short Blades
 + Level 7.0 Long Blades
 + Level 7.0 Axes
 + Level 8.5 Maces & Flails
 + Level 7.0 Polearms
 + Level 7.0 Staves
 + Level 7.0 Slings
 + Level 7.0 Bows
 + Level 7.0 Crossbows
 + Level 7.0 Throwing
 + Level 9.7 Armour
 + Level 7.0 Dodging
 + Level 7.0 Stealth
 + Level 9.7 Shields
 + Level 7.0 Unarmed Combat
 + Level 7.0 Spellcasting
 + Level 5.8 Conjurations
 + Level 5.8 Hexes
 + Level 5.8 Charms
 + Level 5.8 Summonings
 + Level 5.8 Necromancy
 + Level 5.8 Translocations
 + Level 5.8 Transmutations
 + Level 5.8 Fire Magic
 + Level 5.8 Ice Magic
 + Level 5.8 Air Magic
 + Level 5.8 Earth Magic
 + Level 5.8 Poison Magic
 + Level 7.7 Invocations
 + Level 7.0 Evocations


You had 25 spell levels left.
You didn't know any spells.
Your spell library contained the following spells:

 Spells                   Type           Power        Failure   Level  Hunger
 Freeze                   Ice            ###.         50%         1    None
 Throw Frost              Conj/Ice       ###...       63%         2    ##.....
 Ozocubu's Armour         Chrm/Ice       ###.....     86%         3    ###....
 Summon Ice Beast         Ice/Summ       ###.....     99%         4    ####...
 Throw Icicle             Conj/Ice       ###.....     99%         4    ####...


Dungeon Overview and Level Annotations

Branches:
Dungeon (12/15)            Temple (1/1) D:4            Lair (0/6) D:9
    Orc (0/2) D:11

Altars:
Ashenzari
Cheibriados
Dithmenos
Elyvilon
Fedhas
Gozag
Hepliaklqana
Okawaru
Qazlal
Ru
Trog
Vehumet
Wu Jian
Xom
Yredelemnul
The Shining One

Shops:
D:8 *   D:9 }

Annotations:
D:12 Rupert


Innate Abilities, Weirdness & Mutations

Your experience applies equally to all skills.
You have very sharp teeth.
Your uncanny sense of smell can sniff out nearby items.


Message History

You sock Rupert! You bite Rupert.
Rupert is lightly wounded.
Rupert looks more healthy.
Rupert roars madly and goes into a rage!
Rupert goes berserk!
You barely miss Rupert.
Rupert is lightly wounded.
Rupert hits you with a +3 great mace of crushing!! x2
You hit Rupert.
Rupert is lightly wounded.
You block Rupert's attack.
You sock Rupert! You bite Rupert.
Rupert is lightly wounded.
You block Rupert's attack.
You hit Rupert. You bite Rupert, but do no damage.
Rupert is moderately wounded.
Rupert hits you with a +3 great mace of crushing!!
* * * LOW HITPOINT WARNING * * *
x2 Rupert hits you with a +3 great mace of crushing!!
You die...

..#......# .........
. . # #####.......∆
.. .. #.#...#.....#
...
.$.#.#...#..)..##...
....................
.............).#
...[...<..÷(()###...
........@@...[)(...(#
.....................
.....................
...................#.
###.#####..........#
... #......#.### .. ∆
#......#.(. #.....#.
..


You could see Rupert (berserk).

Vanquished Creatures
  Snorg (D:11)
  5 two-headed ogres
  An unseen horror (D:10)
  A manticore (D:12)
  2 ugly things (D:11)
  A gargoyle (D:10)
  Grinder (D:4)
  4 trolls
  4 hippogriffs
  Sigmund (D:4)
  2 wyverns
  A shadow (D:11)
  6 yaks
  2 hungry ghosts
  Menkaure (D:6)
  Edmund (D:4)
  2 water moccasins
  2 porcupines
  2 ice beasts
  5 orc warriors
  5 sky beasts
  5 black bears
  4 phantoms
  3 ogres
  2 necrophages
  6 centaurs
  A crocodile (D:8)
  3 big kobolds
  6 bullfrogs
  Blork the orc (D:6)
  2 wyvern skeletons
  4 scorpions
  7 killer bees (D:10)
  3 wights (D:6)
  A howler monkey (D:4)
  7 crimson imps
  A quasit (D:9)
  5 hounds
  2 bullfrog zombies
  3 orc priests
  A jelly (D:9)
  14 orc wizards
  3 bullfrog skeletons
  A centaur skeleton (D:8)
  2 iguanas
  8 worker ants
  Natasha (thrice) (D:4)
  A hound skeleton (D:11)
  Robin (D:3)
  6 gnolls
  A howler monkey skeleton (D:8)
  7 adders
  3 shadow imps
  An ooze (D:1)
  4 adder zombies
  An adder skeleton (D:9)
  5 worms
  4 dart slugs
  3 leopard geckos
  33 orcs
  A ball python (D:1)
  4 giant cockroaches
  13 goblins
  11 hobgoblins
  15 jackals
  5 kobolds
  4 quokkas
  7 bats
  2 frilled lizards (D:1)
  A jackal zombie (D:5)
  A leopard gecko zombie (D:7)
  A quokka skeleton (D:4)
  7 rats
290 creatures vanquished.

Vanquished Creatures (others)
  2 fungi (D:9)
2 creatures vanquished.

Grand Total: 292 creatures vanquished

Notes
Turn   | Place    | Note
-------+----------+-------------------------------------------
     0 | D:1      | Balder the Gnoll Fighter began the quest for the Orb.
     0 | D:1      | Reached XP level 1. HP: 23/23 MP: 1/1
    70 | D:1      | Reached XP level 2. HP: 26/29 MP: 2/2
   397 | D:1      | Reached XP level 3. HP: 35/35 MP: 3/3
   699 | D:1      | Reached skill level 1 in Invocations
  1123 | D:2      | Found a hazy altar of Hepliaklqana.
  1123 | D:2      | Found a stormy altar of Qazlal.
  1127 | D:2      | Reached skill level 1 in Short Blades
  1127 | D:2      | Reached skill level 1 in Long Blades
  1127 | D:2      | Reached skill level 1 in Axes
  1127 | D:2      | Reached skill level 1 in Polearms
  1127 | D:2      | Reached skill level 1 in Staves
  1127 | D:2      | Reached skill level 1 in Slings
  1127 | D:2      | Reached skill level 1 in Bows
  1127 | D:2      | Reached skill level 1 in Crossbows
  1127 | D:2      | Reached skill level 1 in Throwing
  1127 | D:2      | Reached skill level 1 in Dodging
  1127 | D:2      | Reached skill level 1 in Stealth
  1127 | D:2      | Reached skill level 1 in Unarmed Combat
  1127 | D:2      | Reached skill level 1 in Spellcasting
  1127 | D:2      | Reached skill level 1 in Evocations
  1127 | D:2      | Reached XP level 4. HP: 39/41 MP: 5/5
  1940 | D:3      | Noticed Robin
  1947 | D:3      | Reached skill level 1 in Conjurations
  1947 | D:3      | Reached skill level 1 in Hexes
  1947 | D:3      | Reached skill level 1 in Charms
  1947 | D:3      | Reached skill level 1 in Summonings
  1947 | D:3      | Reached skill level 1 in Necromancy
  1947 | D:3      | Reached skill level 1 in Translocations
  1947 | D:3      | Reached skill level 1 in Transmutations
  1947 | D:3      | Reached skill level 1 in Fire Magic
  1947 | D:3      | Reached skill level 1 in Ice Magic
  1947 | D:3      | Reached skill level 1 in Air Magic
  1947 | D:3      | Reached skill level 1 in Earth Magic
  1947 | D:3      | Reached skill level 1 in Poison Magic
  1967 | D:3      | Killed Robin
  1967 | D:3      | Reached XP level 5. HP: 39/47 MP: 6/6
  2711 | D:4      | Found a staircase to the Ecumenical Temple.
  2723 | Temple   | Entered the Ecumenical Temple
  2759 | Temple   | Became a worshipper of Warmaster Okawaru
  2811 | D:4      | Reached XP level 6. HP: 53/53 MP: 8/8
  2819 | D:4      | Found an opulent altar of Gozag.
  2898 | D:4      | Reached skill level 5 in Maces & Flails
  2921 | D:4      | Noticed Sigmund
  2930 | D:4      | Killed Sigmund
  2930 | D:4      | Reached * piety under Okawaru
  2930 | D:4      | Reached XP level 7. HP: 49/59 MP: 8/10
  3047 | D:4      | Noticed Natasha
  3056 | D:4      | Killed Natasha
  3070 | D:4      | Noticed Natasha
  3070 | D:4      | Noticed Edmund
  3090 | D:4      | Killed Edmund
  3097 | D:4      | Killed Natasha
  3125 | D:4      | Reached XP level 8. HP: 34/67 MP: 10/12
  3263 | D:4      | Noticed Natasha
  3273 | D:4      | Killed Natasha
  3321 | D:4      | Noticed Grinder
  3326 | D:4      | Paralysed by Grinder for 4 turns
  3350 | D:4      | Killed Grinder
  3350 | D:4      | Reached ** piety under Okawaru
  3486 | D:5      | Entered Level 5 of the Dungeon
  3508 | D:5      | Found a glowing golden altar of the Shining One.
  4236 | D:6      | Reached *** piety under Okawaru
  4335 | D:6      | Noticed Blork the orc
  4347 | D:6      | Killed Blork the orc
  4385 | D:6      | Reached XP level 9. HP: 69/72 MP: 14/14
  4615 | D:6      | Noticed Menkaure
  4632 | D:6      | Killed Menkaure
  5405 | D:7      | Reached **** piety under Okawaru
  5700 | D:7      | Got a heavy robe
  5711 | D:7      | Identified the +4 robe of Marbles {rElec rC++ rCorr Slay-5}
                  | (You found it on level 7 of the Dungeon)
  5906 | D:7      | Reached skill level 5 in Invocations
  6239 | D:8      | Found Bomp's General Store.
  6249 | D:8      | Reached XP level 10. HP: 74/80 MP: 15/17
  6640 | D:8      | Reached skill level 5 in Short Blades
  6640 | D:8      | Reached skill level 5 in Long Blades
  6640 | D:8      | Reached skill level 5 in Axes
  6640 | D:8      | Reached skill level 5 in Polearms
  6640 | D:8      | Reached skill level 5 in Staves
  6640 | D:8      | Reached skill level 5 in Slings
  6640 | D:8      | Reached skill level 5 in Bows
  6640 | D:8      | Reached skill level 5 in Crossbows
  6640 | D:8      | Reached skill level 5 in Throwing
  6640 | D:8      | Reached skill level 5 in Dodging
  6640 | D:8      | Reached skill level 5 in Stealth
  6640 | D:8      | Reached skill level 5 in Unarmed Combat
  6640 | D:8      | Reached skill level 5 in Spellcasting
  6640 | D:8      | Reached skill level 5 in Evocations
  6651 | D:8      | Reached ***** piety under Okawaru
  7288 | D:9      | Found a staircase to the Lair.
  7337 | D:9      | Received a gift from Okawaru
  7403 | D:9      | Received a gift from Okawaru
  7467 | D:9      | Found a sacrificial altar of Ru.
  7495 | D:9      | Noticed a two-headed ogre
  7506 | D:9      | Killed a two-headed ogre
  7563 | D:9      | Reached XP level 11. HP: 80/87 MP: 19/19
  7847 | D:9      | Noticed a two-headed ogre
  7866 | D:9      | Killed a two-headed ogre
  7929 | D:9      | Noticed a two-headed ogre
  7936 | D:9      | Killed a two-headed ogre
  7936 | D:9      | Reached skill level 5 in Conjurations
  7936 | D:9      | Reached skill level 5 in Hexes
  7936 | D:9      | Reached skill level 5 in Charms
  7936 | D:9      | Reached skill level 5 in Summonings
  7936 | D:9      | Reached skill level 5 in Necromancy
  7936 | D:9      | Reached skill level 5 in Translocations
  7936 | D:9      | Reached skill level 5 in Transmutations
  7936 | D:9      | Reached skill level 5 in Fire Magic
  7936 | D:9      | Reached skill level 5 in Ice Magic
  7936 | D:9      | Reached skill level 5 in Air Magic
  7936 | D:9      | Reached skill level 5 in Earth Magic
  7936 | D:9      | Reached skill level 5 in Poison Magic
  8013 | D:9      | Found Plog's Gadget Emporium.
  8019 | D:9      | Bought a wand of iceblast (9) for 195 gold pieces
  8732 | D:10     | Entered Level 10 of the Dungeon
  8738 | D:10     | Noticed a two-headed ogre
  8751 | D:10     | Killed a two-headed ogre
 10214 | D:10     | Killed an unseen horror
 10328 | D:11     | Noticed a green ugly thing
 10350 | D:11     | Noticed a cyan ugly thing
 10413 | D:11     | Killed a cyan ugly thing
 10413 | D:11     | Reached XP level 12. HP: 31/96 MP: 19/22
 10588 | D:11     | Got a pitted flail
 10589 | D:11     | Identified the +6 flail of Cocytus {crush, +Fly rF+} (You
                  | found it on level 11 of the Dungeon)
 10625 | D:11     | Noticed Snorg
 10644 | D:11     | Killed Snorg
 10644 | D:11     | Received a gift from Okawaru
 10803 | D:11     | Noticed a two-headed ogre
 10810 | D:11     | Killed a two-headed ogre
 10810 | D:11     | Received a gift from Okawaru
 10810 | D:11     | Reached ****** piety under Okawaru
 10888 | D:11     | Found a staircase to the Orcish Mines.
 11145 | D:12     | Noticed Rupert
 11161 | D:12     | Mangled by Rupert

Levels and vault maps discovered:
D:1:      dpeg_arrival_subterranean_lakeside_camping, layout_basic, st_stairs_5
D:2:      layout_loops_ring, gammafunk_temple_overflow_pools, minivault_25
D:3:      layout_loops_ring, first_ration, uniq_robin
D:4:      layout_basic, old_standard_altar, minmay_temple_entry_glassed_door,
          uniq_sigmund, uniq_natasha, uniq_grinder, uniq_edmund
D:5:      layout_loops_ring, basic_altar
D:6:      layout_basic, uniq_blork_the_orc, uniq_menkaure
D:7:      layout_basic
D:8:      layout_cave_pods, serial_shops, kennysheep_little_box
D:9:      layout_basic, lemuel_round_altar, due_lair_maze_entry_diamond,
          serial_shops, nicolae_shop_crystal, blue_anna_alchemist
          [blue_anna_fruit_fields, blue_anna_fruit_fields]
D:10:     minmay_s_stair_smasher, layout_grid_maze
D:11:     layout_rooms, orc_0_dummy, uniq_snorg
D:12:     layout_basic, uniq_rupert
Temple:   regret_index_temple_mists

Skill      XL: |  1  2  3  4  5  6  7  8  9 10 11 12 |
---------------+-------------------------------------+-----
Invocations    | 1 2 3 4 5 6 7 |  7.7
Short Blades   | 1 2 3 4 5 6 7 |  7.0
Long Blades    | 1 2 3 4 5 6 7 |  7.0
Axes           | 1 2 3 4 5 6 7 |  7.0
Polearms       | 1 2 3 4 5 6 7 |  7.0
Staves         | 1 2 3 4 5 6 7 |  7.0
Slings         | 1 2 3 4 5 6 7 |  7.0
Bows           | 1 2 3 4 5 6 7 |  7.0
Crossbows      | 1 2 3 4 5 6 7 |  7.0
Throwing       | 1 2 3 4 5 6 7 |  7.0
Dodging        | 1 2 3 4 5 6 7 |  7.0
Stealth        | 1 2 3 4 5 6 7 |  7.0
Unarmed Combat | 1 2 3 4 5 6 7 |  7.0
Spellcasting   | 1 2 3 4 5 6 7 |  7.0
Evocations     | 1 2 3 4 5 6 7 |  7.0
Conjurations   | 1 2 3 4 5 |  5.8
Hexes          | 1 2 3 4 5 |  5.8
Charms         | 1 2 3 4 5 |  5.8
Summonings     | 1 2 3 4 5 |  5.8
Necromancy     | 1 2 3 4 5 |  5.8
Translocations | 1 2 3 4 5 |  5.8
Transmutations | 1 2 3 4 5 |  5.8
Fire Magic     | 1 2 3 4 5 |  5.8
Ice Magic      | 1 2 3 4 5 |  5.8
Air Magic      | 1 2 3 4 5 |  5.8
Earth Magic    | 1 2 3 4 5 |  5.8
Poison Magic   | 1 2 3 4 5 |  5.8
Maces & Flails | 5 6 7 8 |  8.5
Fighting       | 7 8 9 |  9.7
Armour         | 7 8 9 |  9.7
Shields        | 7 8 9 |  9.7

Action                   |  1- 3 |  4- 6 |  7- 9 | 10-12 || total
-------------------------+-------+-------+-------+-------++-------
Melee: Flail             |   103 |   164 |   372 |   117 ||   756
       Bite              |    13 |    16 |    52 |   130 ||   211
       Spear             |       |       |     8 |       ||     8
       Morningstar       |       |       |       |   353 ||   353
       Long sword        |       |       |       |   216 ||   216
Throw: Dart              |       |       |    48 |    27 ||    75
Invok: Heroism           |       |       |     3 |     6 ||     9
Evoke: Wand              |       |       |       |     1 ||     1
  Use: Potion            |       |     1 |     1 |     3 ||     5
       Scroll            |       |     3 |     7 |    15 ||    25
  Eat: Chunk             |     1 |     6 |     4 |    10 ||    21
       Ration            |       |       |     2 |     3 ||     5
Armor: Scale mail        |    38 |    10 |       |       ||    48
       Plate armour      |       |    67 |   170 |   485 ||   722
Dodge: Dodged            |    25 |    23 |    94 |   255 ||   397
       Deflected         |       |       |       |     4 ||     4
Block: Shield            |    70 |    70 |   224 |   526 ||   890
       Rpst.: Long sword |       |       |       |    21 ||    21
